General information
- name: free andies
- type: Ladder 1vs1/FFA
- host: dnk.
- saver: Mata.
map: EchoIsles
- players: 3
- length: 09:59
- speed: Fast
- version: 1.24 W3XP
- replay type:

» download(72 KB)
Players
team 1 (loser)
dnk. (
orange | 157 APM | 1563 actions | 09:58)
3 Blademaster
2 Wind Walk
1 Critical Strike
1 Shadow Hunter
1 Hex
» actions
| Assign group hotkey | 15 | |
| Basic commands | 26 | |
| Build / train | 30 | |
| ESC pressed | 3 | |
| Enter build submenu | 21 | |
| Enter hero's abilities submenu | 4 | |
| Give item / drop item | 1 | |
| Right click | 750 | |
| Select / deselect | 285 | |
| Select group hotkey | 382 | |
| Use ability | 46 | |
1563 total
» units
| Peon | 7 | |
| Grunt | 8 | |
| Spirit Walker | 2 | |
| Kodo Beast | 1 | |
18 total
» upgrades
| Ensnare | 1 | |
| Spirit Walker Training | 1 | |
2 total
» buildings
| Altar of Storms | 1 | |
| Orc Burrow | 5 | |
| Stronghold | 2 | |
| Barracks | 1 | |
| Voodoo Lounge | 3 | |
| War Mill | 1 | |
| Beastiary | 1 | |
| Spirit Lodge | 1 | |
15 total
» build order
00:05 Altar of Storms
00:12 Orc Burrow
01:51 Stronghold
01:51 Stronghold
02:05 Barracks
02:10 Orc Burrow
02:27 Voodoo Lounge
02:55 Voodoo Lounge
03:14 Voodoo Lounge
03:24 War Mill
04:26 Beastiary
05:01 Spirit Lodge
05:06 Orc Burrow
05:37 Orc Burrow
07:24 Orc Burrow
» items
team 2 (winner)
ilosetodminus (
gray | 198 APM | 1981 actions | 09:58)
2 Far Seer
1 Feral Spirit
1 Chain Lighting
2 Shadow Hunter
1 Hex
1 Healing Wave
» actions
| Assign group hotkey | 19 | |
| Basic commands | 15 | |
| Build / train | 30 | |
| Enter build submenu | 10 | |
| Enter hero's abilities submenu | 4 | |
| Right click | 1033 | |
| Select / deselect | 200 | |
| Select group hotkey | 613 | |
| Use ability | 57 | |
1981 total
» units
» upgrades
» buildings
| Altar of Storms | 1 | |
| Orc Burrow | 4 | |
| Stronghold | 3 | |
| Voodoo Lounge | 1 | |
| Beastiary | 2 | |
| War Mill | 1 | |
| Spirit Lodge | 1 | |
13 total
» build order
00:05 Altar of Storms
00:14 Orc Burrow
02:03 Stronghold
02:03 Stronghold
02:04 Stronghold
02:13 Orc Burrow
02:16 Voodoo Lounge
03:18 Orc Burrow
04:26 Beastiary
04:27 Beastiary
04:55 Orc Burrow
07:23 War Mill
07:27 Spirit Lodge
» items
| Healing Salve | 1 | |
| Lesser Clarity Potion | 1 | |
| Scroll of Speed | 1 | |
| Potion of Healing | 1 | |
4 total
refereesMata. Chat log
(00:06 / All) ilosetodminus: gl
(00:10 / All) dnk.: e t a
(00:23 / All) Mata.: less noobshow this time
(00:31 / All) dnk.: happens
(00:34 / Referees) ilosetodminus: this 1 gonna be perfect play
(00:42 / Referees) ilosetodminus: im eating baked ziti
(00:45 / Referees) ilosetodminus: sippin on my sierra mist
(01:03 / Referees) ilosetodminus: thought ensnare hotkey was e
(01:04 / Referees) ilosetodminus: on beast
(01:07 / Referees) ilosetodminus: its n apparently
(01:22 / Referees) ilosetodminus: explained why i had so many raider
(01:24 / Referees) ilosetodminus: with no snare....
(02:00 / Referees) ilosetodminus: peon takes so long to build
(02:34 / Referees) ilosetodminus: peace u later shop
(04:03 / Referees) ilosetodminus: dota deny
(04:07 / Referees) ilosetodminus: that 1s 4 u shane
(05:19 / Referees) ilosetodminus: nerghghg
(05:25 / All) Mata.: tryin pretty hard
(05:30 / All) Mata.: with that dog denial
(07:40 / Referees) ilosetodminus: lag
(07:42 / Referees) ilosetodminus: clicked e
(09:45 / All) Mata.: that's gg
(09:48 / All) dnk.: ye
(09:55 / All) dnk.: ggggg